 Dungeon Crawl Stone Soup version 0.30.1-9-gdf580d7c3d (webtiles) character file.

Game seed: 7273458514515544418

38 monsoonserge the Trooper (level 3, -5/33 HPs)
             Began as a Hill Orc Fighter on Oct 1, 2023.
             Slain by a gnoll
             ... wielding a +3 halberd
              (7 damage)
             ... on level 2 of the Dungeon.
             The game lasted 00:02:08 (1011 turns).

monsoonserge the Trooper (Hill Orc Fighter)         Turns: 1011, Time: 00:02:08

Health: -5/33      AC:  9    Str: 20    XL:     3   Next: 43%
Magic:  3/3        EV:  4    Int:  8    God:
Gold:   34         SH:  4    Dex: 10    Spells: 2/2 levels left

rFire   . . .        a - +0 war axe
rCold   . . .        c - +0 buckler
rNeg    . . .        m - +0 chain mail
rPois   .            (no helmet)
rElec   .            (no cloak)
rCorr   .            (no gloves)
SInv    .            (no boots)
Will    .....        (no amulet) Stlth
                     (no ring)
HPRegen 0.25/turn    (no ring)
MPRegen 0.08/turn

%: no passive effects
@: constricted
A: no striking features
a: no special abilities


You were on level 2 of the Dungeon.
You visited 1 branch of the dungeon, and saw 2 of its levels.

You collected 34 gold pieces.

Inventory:

Hand Weapons
 a - a +0 war axe (weapon)
Armour
 b - a +0 scale mail
 c - a +0 buckler (worn)
 k - a +0 leather armour
 m - a +0 chain mail (worn)
Scrolls
 e - a scroll of noise {unknown}
 f - a scroll of identify {unknown}
 h - a scroll of fog {unknown}
 i - 2 scrolls of teleportation
 p - a scroll of vulnerability {unknown}
 q - a scroll of immolation {unknown}
 r - a scroll of fear {unknown}
Potions
 d - a potion of might
 g - a potion of haste {unknown}
 j - 2 potions of ambrosia {unknown}
 l - 2 potions of berserk rage {unknown}
 n - a potion of degeneration {unknown}
 o - a potion of brilliance {unknown}
 s - a potion of mutation {unknown}


   Skills:
 + Level 4.0 Fighting
 + Level 3.5 Axes
 + Level 3.6 Armour
 + Level 0.2 Dodging
 + Level 3.7 Shields


You had 2 spell levels left.
You didn't know any spells.
Your spell library contained the following spells:

 Spells                   Type           Power      Damage    Failure   Level
 Animate Dead             Necr           0%         N/A       100%        4
 Borgnjor's Vile Clutch   Necr/Erth      0%         N/A       100%        5
 Death Channel            Necr           0%         N/A       100%        6


Dungeon Overview and Level Annotations

Branches:
Dungeon (2/15)

Altars:


Message History

You are frozen.
You hit the endoplasm.
The endoplasm is moderately wounded.
The endoplasm freezes you.
You are frozen.
The endoplasm freezes you.
You are frozen.
You slash the endoplasm!
You kill the endoplasm!
As you read the scroll labelled NEISSI DYRHI ROG, it crumbles to dust.
You feel strangely unstable.
It was a scroll of teleportation.
Your surroundings suddenly seem different.
A gnoll comes into view. It is wielding a +0 whip.
The gnoll shouts!
You hear a shout!
A gnoll comes into view. It is wielding a +3 halberd.
The gnoll moves out of view.
You hear an angry hiss.
You hear a shout!
A ball python comes into view.
The ball python hisses angrily.
A gnoll comes into view. It is wielding a +0 whip.
The gnoll hits you with a +3 halberd.
You hit the gnoll.
The gnoll is lightly wounded.
You barely miss the ball python. The ball python bites you.
The ball python grabs you. The ball python constricts you.
The gnoll hits you with a +3 halberd!
The ball python bites you but does no damage.
The ball python constricts you.
You barely miss the ball python. You hit the gnoll.
The gnoll hits you with a +3 halberd.
* * * LOW HITPOINT WARNING * * *
The ball python bites you but does no damage.
The ball python constricts you. The gnoll hits you with a +3 halberd.
* * * LOW HITPOINT WARNING * * *
Unknown command.
You closely miss the ball python. You hit the gnoll but do no damage.
You closely miss the gnoll.
The ball python bites you but does no damage.
The ball python constricts you. The gnoll hits you with a +3 halberd!
You die...

.........# ###
#######.##
..##### #.# ##
......## #.#
#.#.#.#.#.# ...
####.........
#.#
#...#.#.#.#.#.
#.#
#....g......
#>#
....#.#@#.#.#.#
..#
###....gS......
#.#.#.#g#.#.#.
##.... .. ....
#.#.# #.# #.#
.... .. . #.#
#.# ## ..


You could see 3 gnolls and a ball python.

Vanquished Creatures
  3 dart slugs
  4 bats (D:1)
  3 endoplasms
  5 giant cockroaches
  2 goblins (D:1)
  2 hobgoblins (D:1)
  2 quokkas (D:1)
  A ball python (D:1)
  6 kobolds
28 creatures vanquished.

Notes
Turn   | Place    | Note
-------+----------+-------------------------------------------
     0 | D:1      | monsoonserge the Hill Orc Fighter began the quest for the
                  | Orb.
     0 | D:1      | Reached XP level 1. HP: 19/19 MP: 1/1
   132 | D:1      | Reached XP level 2. HP: 25/27 MP: 2/2
   299 | D:1      | Found a faded altar of an unknown god.
   547 | D:1      | Reached skill level 4 in Fighting
   551 | D:1      | Reached XP level 3. HP: 32/33 MP: 3/3
  1011 | D:2      | Slain by a gnoll

Illustrated notes

Levels and vault maps discovered:
D:1:      tarquinn_simple_flora_water_f, layout_loops_ring,
          shapermc_ecumenical_altar_gd, nicolae_figureground_sparkle
D:2:      layout_loops_ring, basic_altar, hex_medium

Skill      XL: |  1  2 |
---------------+-------+-----
Axes           | 3 |  3.5
Fighting       | 4 |  4.0
Armour         | |  3.6
Dodging        | |  0.2
Shields        | |  3.7

Action                     || total
---------------------------++-------
  Melee: War axe           ||    83
    Use: Scroll            ||     1
 Armour: Scale mail        ||    14
         Chain mail        ||    34
  Dodge: Dodged            ||    26
  Block: Buckler           ||    22
